 Dungeon Crawl Stone Soup version 0.30-a0-458-g86641cc369 (webtiles) character file.

Game seed: 11288096613329958528

49 p00ps00p the Trooper (level 3, -3/33 HPs)
             Began as a Hill Orc Fighter on Dec 15, 2022.
             Killed by divine providence
             ... invoked by an orc priest
              (11 damage)
             ... on level 3 of the Dungeon.
             The game lasted 00:01:43 (1494 turns).

p00ps00p the Trooper (Hill Orc Fighter)             Turns: 1494, Time: 00:01:43

Health: -3/33      AC:  9    Str: 20    XL:     3   Next: 77%
Magic:  3/3        EV:  7    Int:  8    God:
Gold:   107        SH:  0    Dex: 16    Spells: 2/2 levels left

rFire   . . .      SeeInvis .    a - +0 war axe
rCold   . . .      Faith    .    c - +0 buckler
rNeg    . . .      Spirit   .    l - +0 chain mail
rPois   .          Reflect  .    (no helmet)
rElec   .          Harm     .    (no cloak)
rCorr   .          Rampage  .    (no gloves)
Will    .....                    (no boots)
Stlth   ..........               (no amulet)
HPRegen 0.25/turn                b - +6 ring of dexterity
MPRegen 0.08/turn                (no ring)

@: confused, mighty
A: no striking features
a: Convert to Beogh


You were on level 3 of the Dungeon.
You visited 1 branch of the dungeon, and saw 3 of its levels.

You collected 107 gold pieces.

Inventory:

Hand Weapons
 a - a +0 war axe (weapon)
Armour
 c - a +0 buckler (worn)
 l - a +0 chain mail (worn)
Jewellery
 b - a +6 ring of dexterity (left hand)
Scrolls
 f - a scroll of immolation {unknown}
 g - 3 scrolls of noise
 i - a scroll of teleportation
 j - a scroll of identify
Potions
 d - a potion of might
 e - 2 potions of brilliance
 h - a potion of mutation
 k - a potion of degeneration


   Skills:
 + Level 4.1 Fighting
 + Level 3.5 Axes
 + Level 3.7 Armour
 + Level 3.8 Shields


You had 2 spell levels left.
You didn't know any spells.
Your spell library contained the following spells:

 Spells                   Type           Power      Damage    Failure   Level
 Ensorcelled Hibernation  Hex/Ice        0%         N/A       100%        2
 Passwall                 Tmut/Erth      0%         N/A       100%        2
 Sublimation of Blood     Necr           0%         N/A       100%        2
 Wereblood                Tmut           0%         N/A       100%        2
 Swiftness                Air            0%         N/A       100%        3
 Summon Hydra             Summ           0%         N/A       100%        7


Dungeon Overview and Level Annotations

Branches:
Dungeon (3/15)

Altars:

Shops:
D:1 [(


Message History

You barely miss something. You closely miss the orc wizard.
You block the orc wizard's attack. You block something's attack.
You barely miss something.
You hit the orc wizard but do no damage.
The orc wizard points at you and mumbles some strange words.
The puff of flame hits you.
* * * LOW HITPOINT WARNING * * *
Something hits you but does no damage.
You hear some strange, mumbled words.
You are confused.
The orc wizard points at you and mumbles some strange words.
You resist with significant effort.
You closely miss the orc wizard.
The orc wizard is severely wounded.
You closely miss something. The orc wizard casts a spell at you.
You resist with significant effort. Something hits you but does no damage.
The orc priest calls down the wrath of Beogh upon you.
Something writhes in agony!
Reactivating autopickup.
You bump into the rock wall.
The orc wizard hits you with a +2 vampiric dagger.
* * * LOW HITPOINT WARNING * * *
Unknown command.
You closely miss the orc. You miss the orc wizard.
The orc hits you but does no damage. The orc wizard closely misses you.
The orc priest begins to cast a cantrip, but forgets the words!
You feel very mighty all of a sudden. The orc hits you but does no damage.
The orc wizard hits you but does no damage.
Unknown command.
You miss the orc wizard.
The orc wizard is severely wounded.
You hit the orc but do no damage.
The orc priest shouts, "Surrender to Beogh and we'll let you live!"
The orc wizard gestures at you while chanting.
You resist with significant effort. The orc completely misses you.
The orc priest calls down the wrath of Beogh upon you.
Beogh smites you!
You die...

####..####.......#
#........#......#
##.#........######
#....#####..#####
#...## #..#.. ##
#...# #..#.# ..##
#...# #....# .....
#...# #..(o#....#
##..## ##...@oo#
##..##+##....####
##..........#
##.....#.###
#.##.####..#
##...###.#.#
##.###.##.#
##.#.###.# ##.##
#[#


You could see an orc priest, an orc wizard and an orc.

Vanquished Creatures
  2 dart slugs
  An orc (D:3)
  4 ball pythons (D:1)
  5 endoplasms
  4 giant cockroaches
  4 goblins
  2 hobgoblins
  6 kobolds
  A quokka (D:1)
  4 bats
  4 frilled lizards
  2 rats (D:1)
39 creatures vanquished.

Vanquished Creatures (others)
  An orc wizard (D:3)
  5 plants (D:1)
  9 withered plants (D:1)
15 creatures vanquished.

Grand Total: 54 creatures vanquished

Notes
Turn   | Place    | Note
-------+----------+-------------------------------------------
     0 | D:1      | p00ps00p the Hill Orc Fighter began the quest for the Orb.
     0 | D:1      | Reached XP level 1. HP: 19/19 MP: 1/1
    52 | D:1      | Reached XP level 2. HP: 25/27 MP: 2/2
   169 | D:1      | Reached skill level 4 in Fighting
   219 | D:1      | Reached XP level 3. HP: 33/33 MP: 3/3
   295 | D:1      | Found a faded altar of an unknown god.
   333 | D:1      | Found Musampuo's Antique Weapon Shop.
   364 | D:1      | Found Matacs's Antique Armour Shop.
  1494 | D:3      | Killed from afar by an orc priest

Illustrated notes

Levels and vault maps discovered:
D:1:      dpeg_arrival_radiant, layout_rooms, serial_shops,
          nicolae_shop_waterfront, shop, shapermc_ecumenical_altar_flowoftime,
          minmay_surrounded
D:2:      layout_basic
D:3:      layout_loops_ring, marbit_many_paths, mainiacjoe_overflow_chevrons,
          kennysheep_jessica_study

Skill      XL: |  1  2 |
---------------+-------+-----
Axes           | 3 |  3.5
Fighting       | 4 |  4.1
Armour         | |  3.7
Shields        | |  3.8

Action                   || total
-------------------------++-------
Melee: War axe           ||   125
  Use: Scroll            ||     6
       Potion            ||     1
Armor: Scale mail        ||    49
       Chain mail        ||    25
Dodge: Dodged            ||    50
Block: Buckler           ||    22

Table legend: (Time is in decaauts)
 A = Elapsed time spent in this place.
 B = Non-inter-level travel time spent in this place.
 C = Inter-level travel time spent in this place.
 D = Time resting spent in this place.
 E = Time spent auto-exploring this place.
 F = Levels seen in this place.
 G = Mean time per level.
                   A        B        C        D        E       F      G
               +--------+--------+--------+--------+--------+-----+--------+
         Total |   1541 |   1424 |    117 |      0 |   1099 |   3 |  513.7 |
       Dungeon |   1541 |   1424 |    117 |      0 |   1099 |   3 |  513.7 |
               +--------+--------+--------+--------+--------+-----+--------+

Top non-repeatable levels by time:
     D:2: 793 daAuts
     D:1: 626 daAuts
     D:3: 121 daAuts
